 Dungeon Crawl Stone Soup version 0.30-a0-578-gdee14c521f (webtiles) character file.

Game seed: 17702038956435639725

194 Crownlay the Digger (level 5, -1/38 HPs)
             Began as a Gnoll Wanderer on Dec 31, 2022.
             Slain by Sigmund
             ... wielding a +0 scythe
              (11 damage)
             ... on level 3 of the Dungeon.
             The game lasted 00:03:42 (2428 turns).

Crownlay the Digger (Gnoll Wanderer)                Turns: 2428, Time: 00:03:43

Health: -1/38      AC:  3    Str: 13    XL:     5   Next: 73%
Magic:  6/9        EV: 12    Int: 14    God:
Gold:   208        SH:  0    Dex:  9    Spells: 9/10 levels left

rFire   . . .      SeeInvis .    m - +1 short sword (speed)
rCold   . . .      Faith    .    (no shield)
rNeg    . . .      Spirit   .    c - +0 robe
rPois   .          Reflect  .    (no helmet)
rElec   .          Harm     .    r - +0 cloak
rCorr   .          Rampage  .    (no gloves)
Will    .....                    (no boots)
Stlth   ++                       (no amulet)
HPRegen 0.26/turn                (no ring)
MPRegen 0.11/turn                (no ring)

@: no status effects
A: fangs 1, strong nose, distributed training
a: no special abilities


You were on level 3 of the Dungeon.
You visited 1 branch of the dungeon, and saw 3 of its levels.

You collected 208 gold pieces.

Inventory:

Hand Weapons
 m - a +1 short sword of speed (weapon)
Armour
 c - a +0 robe (worn)
 e - a +0 kite shield
 r - a +0 cloak (worn)
Jewellery
 p - a +4 ring of protection
Wands
 d - a wand of polymorph (3)
 q - a wand of roots (15)
 v - a wand of charming (8)
Scrolls
 a - a scroll of enchant weapon {unknown}
 g - a scroll of blinking {unknown}
 i - 2 scrolls of torment {unknown}
 j - 2 scrolls of poison {unknown}
 k - a scroll of magic mapping {unknown}
 l - 3 scrolls of identify {unknown}
 n - a scroll of fear {unknown}
 w - a scroll of amnesia {unknown}
Potions
 b - a potion of attraction
 f - 2 potions of curing
 h - a potion of mutation {unknown}
 o - a potion of lignification {unknown}
 s - a potion of cancellation {unknown}
 t - 2 potions of heal wounds {unknown}
 u - a potion of degeneration {unknown}


   Skills:
 + Level 1.7 Fighting
 + Level 1.7 Short Blades
 + Level 1.7 Long Blades
 + Level 1.7 Axes
 + Level 1.7 Maces & Flails
 + Level 1.7 Polearms
 + Level 1.7 Staves
 + Level 1.7 Ranged Weapons
 + Level 3.1 Throwing
 + Level 1.7 Armour
 + Level 3.1 Dodging
 + Level 1.7 Stealth
 + Level 1.7 Shields
 + Level 1.7 Unarmed Combat
 + Level 3.3 Spellcasting
 + Level 1.3 Conjurations
 + Level 1.3 Hexes
 + Level 1.3 Summonings
 + Level 1.3 Necromancy
 + Level 1.3 Translocations
 + Level 1.3 Transmutations
 + Level 1.3 Fire Magic
 + Level 1.3 Ice Magic
 + Level 1.3 Air Magic
 + Level 7.2 Earth Magic
 + Level 2.5 Poison Magic
 + Level 1.9 Invocations
 + Level 4.9 Evocations


You had 9 spell levels left.
You knew the following spells:

 Your Spells              Type           Power      Damage    Failure   Level
a - Sandblast             Erth           44%        2d11      1%          1

Your spell library contained the following spells:

 Spells                   Type           Power      Damage    Failure   Level
 Passwall                 Tmut/Erth      11%        N/A       5%          2
 Stone Arrow              Conj/Erth      28%        3d8       11%         3
 Poisonous Vapours        Pois/Air       14%        N/A       14%         2
 Cigotuvi's Dreadful Rot  Necr/Pois/Air  14%        N/A       16%         2


Dungeon Overview and Level Annotations

Branches:
Dungeon (3/15)

Altars:
Zin

Annotations:
D:3 Sigmund


Innate Abilities, Weirdness & Mutations

You have very sharp teeth.
Your uncanny sense of smell can sniff out nearby items.
Your experience applies equally to all skills.


Message History

The magic dart hits you!
You see here a rat corpse.
The blast of sand hits the quokka!
You kill the quokka!
The blast of sand misses Sigmund.
The blast of sand hits Sigmund.
Sigmund is moderately wounded.
Sigmund points at you and mumbles some strange words.
You are confused.
You're too confused to cast spells.
You're too confused to cast spells.
You bump into the rock wall.
Sigmund gestures at you while chanting.
You are more confused.
You bump into the rock wall.
Sigmund hits you from afar with a +0 scythe!
You bump into the rock wall.
Sigmund hits you from afar with a +0 scythe.
You bump into the rock wall.
You bump into the rock wall.
Sigmund completely misses you.
You bump into the rock wall.
Sigmund points at you and mumbles some strange words.
You resist with some effort. Sigmund hits you with a +0 scythe!
You barely miss Sigmund.
Sigmund is moderately wounded.
Sigmund attacks as you move away! Sigmund hits you with a +0 scythe!
* * * LOW HITPOINT WARNING * * *
It was a potion of curing.
You feel better.
Sigmund hits you from afar with a +0 scythe!
* * * LOW HITPOINT WARNING * * *
Casting: Sandblast (safe; 1% risk of failure)
Confirm with . or Enter, or press ? or * to list all spells.
Aiming: Sandblast (safe; 1% risk of failure)
Press: ? - help, Shift-Dir - straight line, f/p - Sigmund
Aim: Sigmund, wielding a +0 scythe and wearing a +0 robe (moderately wounded, 81% to hit)
The blast of sand hits Sigmund!
Sigmund is almost dead.
Sigmund hits you from afar with a +0 scythe!
You die...

###########
#.........###
######.........#..
#@.......8...8...8
#.######...#...#..
#@# ##.###.###.
#.# ##...#...#..
#†# #..8)..8...8
#.# #....#...#..
#.#####...###.###.
#.#........#...#..
#...####.8...8...8


You could see Sigmund.

Vanquished Creatures
  An orc priest (D:3)
  Natasha (thrice) (D:2)
  An orc wizard (D:3)
  2 adders (D:2)
  2 dart slugs (D:1)
  2 orcs (D:3)
  An endoplasm (D:3)
  2 giant cockroaches
  3 goblins
  5 hobgoblins
  3 quokkas
  3 ball pythons
  3 bats
  5 frilled lizards
  5 kobolds (D:1)
  5 rats
46 creatures vanquished.

Vanquished Creatures (others)
  A plant (D:1)
1 creature vanquished.

Grand Total: 47 creatures vanquished

Notes
Turn   | Place    | Note
-------+----------+-------------------------------------------
     0 | D:1      | Crownlay the Gnoll Wanderer began the quest for the Orb.
     0 | D:1      | Crownlay set off with the following items: a +0 club, a
                  | potion of attraction, a +0 robe, a wand of polymorph (3);
                  | and the following spell memorised: Sandblast; and the
                  | following spells available to memorise: Passwall, Stone
                  | Arrow, Poisonous Vapours, Cigotuvi's Dreadful Rot.
     0 | D:1      | Reached XP level 1. HP: 13/13 MP: 4/4
   247 | D:1      | Reached XP level 2. HP: 18/19 MP: 0/5
   626 | D:1      | Reached XP level 3. HP: 25/25 MP: 5/7
  1199 | D:2      | Reached skill level 1 in Invocations
  1412 | D:2      | Reached skill level 1 in Fighting
  1412 | D:2      | Reached skill level 1 in Short Blades
  1412 | D:2      | Reached skill level 1 in Long Blades
  1412 | D:2      | Reached skill level 1 in Axes
  1412 | D:2      | Reached skill level 1 in Maces & Flails
  1412 | D:2      | Reached skill level 1 in Polearms
  1412 | D:2      | Reached skill level 1 in Staves
  1412 | D:2      | Reached skill level 1 in Ranged Weapons
  1412 | D:2      | Reached skill level 1 in Armour
  1412 | D:2      | Reached skill level 1 in Stealth
  1412 | D:2      | Reached skill level 1 in Shields
  1412 | D:2      | Reached skill level 1 in Unarmed Combat
  1719 | D:2      | Found a glowing silver altar of Zin.
  1923 | D:2      | Noticed Natasha
  1927 | D:2      | Killed Natasha
  1928 | D:2      | Reached skill level 1 in Conjurations
  1928 | D:2      | Reached skill level 1 in Hexes
  1928 | D:2      | Reached skill level 1 in Summonings
  1928 | D:2      | Reached skill level 1 in Necromancy
  1928 | D:2      | Reached skill level 1 in Translocations
  1928 | D:2      | Reached skill level 1 in Transmutations
  1928 | D:2      | Reached skill level 1 in Fire Magic
  1928 | D:2      | Reached skill level 1 in Ice Magic
  1928 | D:2      | Reached skill level 1 in Air Magic
  1928 | D:2      | Reached XP level 4. HP: 32/32 MP: 4/8
  1964 | D:2      | Noticed Natasha
  1968 | D:2      | Killed Natasha
  2017 | D:2      | Noticed Natasha
  2021 | D:2      | Killed Natasha
  2022 | D:2      | Reached XP level 5. HP: 33/37 MP: 4/9
  2403 | D:3      | Noticed Sigmund
  2428 | D:3      | Slain by Sigmund

Illustrated notes

Levels and vault maps discovered:
D:1:      elethiomel_arrival_maze, layout_rooms, serial_forest,
          infiniplex_forest_lined_3_way, infiniplex_forest_end_3,
          infiniplex_forest_corner_2, infiniplex_forest_lined_4_way,
          infiniplex_forest_corner_1, infiniplex_forest_straight_5,
          minmay_circled_x
D:2:      layout_basic, basic_altar, uniq_natasha
D:3:      layout_loops_ring, minmay_misc_feat_four_crosses, serial_park_tiny_2,
          uniq_sigmund

Skill      XL: |  1  2  3  4  5 |
---------------+----------------+-----
Poison Magic   | 2 |  2.5
Invocations    | 1 |  1.9
Fighting       | 1 |  1.7
Short Blades   | 1 |  1.7
Long Blades    | 1 |  1.7
Axes           | 1 |  1.7
Maces & Flails | 1 |  1.7
Polearms       | 1 |  1.7
Staves         | 1 |  1.7
Ranged Weapons | 1 |  1.7
Armour         | 1 |  1.7
Stealth        | 1 |  1.7
Shields        | 1 |  1.7
Unarmed Combat | 1 |  1.7
Spellcasting   | 3 |  3.3
Conjurations   | 1 |  1.3
Hexes          | 1 |  1.3
Summonings     | 1 |  1.3
Necromancy     | 1 |  1.3
Translocations | 1 |  1.3
Transmutations | 1 |  1.3
Fire Magic     | 1 |  1.3
Ice Magic      | 1 |  1.3
Air Magic      | 1 |  1.3
Throwing       | 3 |  3.1
Dodging        | 3 |  3.1
Earth Magic    | |  7.2
Evocations     | |  4.9

Action                   |  1- 3 |  4- 6 || total
-------------------------+-------+-------++-------
Melee: Short sword       |   110 |     1 ||   111
       Bite              |    11 |       ||    11
       Punch             |     1 |       ||     1
 Cast: Sandblast         |    36 |    27 ||    63
  Use: Potion            |       |     1 ||     1
Armor: Robe              |     6 |       ||     6
Dodge: Dodged            |    27 |     2 ||    29

Table legend: (Time is in decaauts)
 A = Elapsed time spent in this place.
 B = Non-inter-level travel time spent in this place.
 C = Inter-level travel time spent in this place.
 D = Time resting spent in this place.
 E = Time spent auto-exploring this place.
 F = Levels seen in this place.
 G = Mean time per level.
                   A        B        C        D        E       F      G
               +--------+--------+--------+--------+--------+-----+--------+
         Total |   2415 |   2336 |     79 |      0 |   1989 |   3 |  805.0 |
       Dungeon |   2415 |   2336 |     79 |      0 |   1989 |   3 |  805.0 |
               +--------+--------+--------+--------+--------+-----+--------+

Top non-repeatable levels by time:
     D:2: 1077 daAuts
     D:1: 986 daAuts
     D:3: 351 daAuts
